 Dungeon Crawl Stone Soup version 0.28.0-43-g3370ac3207 (webtiles) character file.

Game seed: 12805819005458951574

1 CryoSword the Caller (level 1, -1/14 HPs)
             Began as a Demigod Summoner on Mar 26, 2022.
             Slain by a kobold
             ... wielding a +0 whip
              (4 damage)
             ... on level 1 of the Dungeon.
             The game lasted 00:00:34 (151 turns).

CryoSword the Caller (Demigod Summoner)              Turns: 151, Time: 00:00:35

Health: -1/14      AC:  2    Str:  9    XL:     1   Next: 13%
Magic:  3/5        EV: 12    Int: 17    God:
Gold:   0          SH:  0    Dex: 14    Spells: 2/3 levels left

rFire   . . .      SeeInvis .   (no weapon)
rCold   . . .      Faith    .   (no shield)
rNeg    . . .      Spirit   .   a - +0 robe
rPois   .          Reflect  .   (no helmet)
rElec   .          Harm     .   (no cloak)
rCorr   .          Rampage  .   (no gloves)
Will    .....                   (no boots)
Stlth   ++........              (no amulet)
HPRegen 0.04/turn               (no ring)
MPRegen 0.09/turn               (no ring)

@: no status effects
A: high MP 1, forlorn, divine attributes
a: no special abilities


You were on level 1 of the Dungeon.
You visited 1 branch of the dungeon, and saw 1 of its levels.

Inventory:

Missiles
 c - 5 boomerangs
Armour
 a - a +0 robe (worn)
Scrolls
 b - a scroll of summoning {unknown}


   Skills:
 + Level 0.0 Fighting
 + Level 1.8 Dodging
 + Level 1.8 Stealth
 - Level 1.7 Spellcasting
 + Level 3.6 Summonings


You had 2 spell levels left.
You knew the following spells:

 Your Spells              Type           Power      Damage    Failure   Level
a - Summon Small Mammal   Summ           52%        N/A       4%          1

Your spell library contained the following spells:

 Spells                   Type           Power      Damage    Failure   Level
 Call Imp                 Summ           13%        N/A       7%          2
 Call Canine Familiar     Summ           13%        N/A       14%         3
 Summon Guardian Golem    Hex/Summ       7%         N/A       28%         3
 Summon Lightning Spire   Summ/Air       7%         N/A       67%         4


Dungeon Overview and Level Annotations

Branches:
Dungeon (1/15)


Innate Abilities, Weirdness & Mutations

You have an increased reservoir of magic. (+10% MP)
You shall have no god before yourself.
Your divine heritage dramatically boosts your attributes as you level up.


Message History

Welcome, CryoSword the Demigod Summoner.
Will you prevail where others failed? Will you find the Orb of Zot?
Found a staircase leading out of the dungeon.
Found a stone staircase leading down.
Found 15 sling bullets.
b - a scroll labelled YMEBLE LIOTZ
c - 5 boomerangs A quokka comes into view.
The quokka moves out of view.
A quokka is nearby!
A quokka is nearby!
A quokka is nearby!
A kobold comes into view. It is wielding a +0 whip.
The kobold shouts!
The quokka closely misses you.
You hit the quokka but do no damage. The quokka closely misses you.
The kobold throws a stone.
The stone misses you.
You closely miss the quokka. The quokka barely misses you.
The kobold throws a stone.
The stone hits you.
You hit the quokka. The quokka barely misses you.
The kobold throws a stone.
The stone closely misses you. The quokka closely misses you.
You hit the quokka but do no damage. The quokka misses you.
You closely miss the quokka. The quokka barely misses you.
You closely miss the quokka. The quokka barely misses you.
You closely miss the quokka. The quokka bites you.
You are too injured to fight recklessly!
You are too injured to fight recklessly!
The quokka bites you but does no damage.
The kobold hits you with a +0 whip.
* * * LOW HITPOINT WARNING * * *
The quokka barely misses you. The quokka misses you. The quokka bites you.
* * * LOW HITPOINT WARNING * * *
The quokka bites you.
* * * LOW HITPOINT WARNING * * *
The quokka barely misses you. The quokka closely misses you.
You swap places.
The quokka misses your rat.
Your rat bites the quokka.
The quokka closely misses your rat.
Your rat closely misses the quokka.
Something bites your rat but does no damage.
Something closely misses your rat.
Your rat bites the quokka.
The quokka closely misses your rat.
Your rat bites the quokka.
The quokka dies!
The kobold throws a stone.
The stone closely misses your rat. The stone barely misses you.
The kobold throws a stone.
The stone barely misses your rat. The stone barely misses you.
The kobold throws a stone.
The stone barely misses your rat.
The stone hits your rat but does no damage.
What are your orders? t - Shout!
Orders for allies: a - Attack new target. r - Retreat! s - Stop attacking. g - Guard the area. f - Follow me.
Anything else - Cancel.
Gang up on whom?
Aim: a kobold, wielding a +0 whip and quivering stones (ally target) Attack!
Your rat closely misses the kobold.
The kobold closely misses your rat.
Your rat bites the kobold but does no damage.
The kobold throws a stone.
The stone misses your rat. The stone barely misses your rat.
The stone hits you.
* * * LOW HITPOINT WARNING * * *
Your rat bites the kobold but does no damage.
The kobold barely misses your rat.
Your rat misses the kobold.
Your rat completely misses the kobold.
Your rat closely misses the kobold.
The kobold barely misses your rat.
Your rat misses the kobold.
Your rat bites the kobold but does no damage.
The kobold throws a stone.
The stone closely misses your rat. The stone hits you but does no damage.
Your rat closely misses the kobold.
Your rat misses the kobold.
The kobold throws a stone.
The stone hits your rat.
Your rat bites the kobold but does no damage.
Your rat closely misses the kobold.
The kobold hits your rat with a +0 whip.
Your rat dies!
Your rat's corpse disappears in a puff of smoke!
Your rat bites the kobold.
Your rat disappears in a puff of smoke!
You swap places.
The kobold hits your rat with a +0 whip.
Your rat closely misses the kobold.
The kobold barely misses your rat.
Your rat bites the kobold but does no damage.
The kobold hits your rat with a +0 whip.
Your rat dies!
Your rat's corpse disappears in a puff of smoke!
The kobold hits your rat with a +0 whip.
Your rat dies!
Your rat's corpse disappears in a puff of smoke!
The kobold hits your quokka with a +0 whip.
Your quokka dies!
Your quokka's corpse disappears in a puff of smoke!
The kobold hits you with a +0 whip.
You die...

#################
#.....<#.#......#
#.###.##.###.##.#
#...............#
##.##############
#...#.......#.@K#
#.#.#####.#.#.#.#
#.#.......#...#.###
#.#.###########.#..
#.#.# #.#.# #.###
#########.#.# #.
#....Kr...#.#
#†#########.#
#######.########..#


You could see a kobold.

Vanquished Creatures (collateral kills)
  A quokka (D:1)
1 creature vanquished.

Notes
Turn   | Place    | Note
-------+----------+-------------------------------------------
     0 | D:1      | CryoSword the Demigod Summoner began the quest for the Orb.
     0 | D:1      | Reached XP level 1. HP: 14/14 MP: 5/5
   151 | D:1      | Slain by a kobold

Illustrated notes

Levels and vault maps discovered:
D:1:      onia_arrival_mini_maze, layout_basic,
          shapermc_ecumenical_altar_notcrosses, minmay_heptomino_w4

Action                   || total
-------------------------++-------
Melee: Unarmed           ||     7
 Cast: Summon Small Mamm ||     5
Armor: Robe              ||     2
Dodge: Dodged            ||    16
